 Dungeon Crawl Stone Soup version 0.19-a0-1091-g463c9de (webtiles) character file.

21873 4thArraOfDagon the Grappler (level 12, -9/121 HPs)
             Began as a Troll Arcane Marksman on Aug 6, 2016.
             Was a Priest of Dithmenos.
             Mangled by an enchanted long sword (19 damage)
             ... on level 14 of the Dungeon on Aug 7, 2016.
             The game lasted 00:32:42 (5423 turns).

4thArraOfDagon the Grappler (Troll Arcane Marksman) Turns: 5423, Time: 00:32:43

Health: -9/121     AC: 10    Str: 25    XL:     12   Next: 58%
Magic:  16/16      EV: 19    Int: 13    God:    Dithmenos [***...]
Gold:   329        SH:  0    Dex: 18    Spells: 4 memorised, 6 levels left

rFire  + . .     SeeInvis .       - Unarmed
rCold  . . .     Gourm    +     B - troll hide
rNeg   . . .     Faith    .     (no shield)
rPois  .         Spirit   .     H - +1 hat
rElec  .         Dismiss  .     G - +0 cloak
rCorr  .         Reflect  .     (gloves unavailable)
SustAt .         Harm     +     (boots unavailable)
MR     .....     Rnd*Rage +     M - amulet of harm
Stlth  +++.......               l - -2 ring of strength (curse)
                                g - ring of protection from fire

@: mighty, agile, wreathed by umbra
A: unfitting armour, claws 3, icy blue scales 1, rugged brown scales 1, agile 2,
berserk 1, fast metabolism 3, gourmand, regeneration 2, shaggy fur 1, tough skin
2
a: Shadow Step, Renounce Religion


You were on level 14 of the Dungeon.
You worshipped Dithmenos.
Dithmenos was most pleased with you.
You were very full.

You visited 2 branches of the dungeon, and saw 16 of its levels.

You collected 469 gold pieces.
You spent 140 gold pieces at shops.

Inventory:

Hand Weapons
 C - a +8 giant spiked club
Missiles
 c - 13 large rocks (quivered)
 d - 5 throwing nets
Armour
 a - a +0 robe
 B - a troll hide (worn)
 G - a +0 cloak (worn)
 H - a +1 hat (worn)
Jewellery
 g - a ring of protection from fire (left claw)
 l - a cursed -2 ring of strength (right claw)
 M - an amulet of harm (around neck)
Wands
 y - a wand of confusion (6/48)
 A - a wand of random effects (12/48)
 N - a wand of iceblast (4/15)
Scrolls
 e - 3 scrolls of fear {unknown}
 h - 2 scrolls of fog
 k - 6 scrolls of remove curse {unknown}
 m - 3 scrolls of enchant armour {unknown}
 o - 4 scrolls of amnesia {unknown}
 r - a scroll of enchant weapon {unknown}
 t - 2 scrolls of noise {unknown}
 v - a scroll of summoning {unknown}
 w - a scroll of random uselessness {unknown}
 E - a scroll of teleportation {unknown}
 I - a scroll of silence {unknown}
 O - 2 scrolls of recharging {unknown}
Potions
 n - 2 potions of brilliance
 p - a potion of degeneration
 q - a potion of ambrosia
 s - 2 potions of magic
 x - 2 potions of cure mutation
 z - 2 potions of flight
 F - a potion of resistance
Books
 b - a book of Debilitation

   Spells                             Type                      Level
   a - Corona                         Hexes                        1
   b - Slow                           Hexes                        2
   c - Gell's Gravitas                Hexes/Translocation          3
   d - Inner Flame                    Hexes/Fire                   3
   e - Cause Fear                     Hexes                        4
   f - Leda's Liquefaction            Hexes/Earth                  4
Comestibles
 f - 7 bread rations
 i - 2 beef jerkies
 j - 2 meat rations
 K - 2 chunks of flesh


   Skills:
 - Level 7.3 Fighting
 - Level 1.7 Throwing
 - Level 7.3 Dodging
 * Level 13.6 Unarmed Combat
 + Level 3.9 Spellcasting
 - Level 2.0 Hexes
 * Level 6.4 Transmutations


You had 6 spell levels left.
You knew the following spells:

 Your Spells              Type           Power        Failure   Level  Hunger
a - Corona                Hex            #......      14%         1    None
b - Dragon Form           Tmut           ###.......   100%        7    #######
c - Repel Missiles        Chrm/Air       #.....       43%         2    ##.....
d - Swiftness             Chrm/Air       #.......     43%         2    ##.....


Dungeon Overview and Level Annotations

Branches:
Dungeon (15/15)            Temple (1/1) D:7            Lair (0/6) D:10
 Vaults (0/5) D:14
    Orc: D:9-12      Depths: D:15

Altars:
Ashenzari
Cheibriados
Dithmenos
Elyvilon
Fedhas
Gozag
Hepliaklqana
Kikubaaqudgha
Makhleb
Nemelex Xobeh
Okawaru
Pakellas
Qazlal
Ru
Sif Muna
Trog
Uskayaw
Vehumet
Xom
Yredelemnul
Zin
The Shining One

Shops:
D:10 %   D:15 *(=

Annotations:
D:5 4thArraOfDagon's ghost, amateur MiBe
D:9 Gastronok
D:13 exclusion: downstairs
D:14 Rupert


Innate Abilities, Weirdness & Mutations

You are too large for most types of armour.
You have claws for hands.
Your metabolism is lightning-fast.
You like to eat raw meat.
You heal very quickly.
You are covered in fur. (AC +1)
You have very tough skin. (AC +2)
You are partially covered in icy blue scales. (AC +2)
You are partially covered in rugged brown scales. (AC +1, +3% HP)
You are very agile. (Dex +4)
You tend to lose your temper in combat.


Message History

The enchanted long sword hits you!!
* * * LOW HITPOINT WARNING * * *
Unknown command.
Unknown command.
You feel agile all of a sudden. The enchanted long sword misses you.
The enchanted long sword closely misses you.
Unknown command.
A hill giant comes into view. It is wielding a giant club.
Okay, then.
You feel better. The enchanted long sword hits you!
* * * LOW HITPOINT WARNING * * *
Unknown command.
You feel very mighty all of a sudden. The enchanted long sword hits you!
* * * LOW HITPOINT WARNING * * *
The enchanted long sword barely misses you.
Unknown command.
You feel better. The enchanted long sword hits you!
You die...

.................
#######...######..#
#######...######..##
....................
....................
....C........(......
....................
....................
........#.#@........
.......#####(.......
..............∩.......#..
............#####....##
....@.?.... .....#
........... .....#
....... ....... <....
........ #.(# ##########


You could see a hill giant (wandering) and an enchanted long sword.

Vanquished Creatures
  Nessos (D:15)
  Erolcha (D:11)
  A great orb of eyes (D:13)
  A death knight (D:15)
  A dancing weapon (D:14)
  5 hill giants
  4 deep elf magi (D:12)
  3 cyclopes
  A griffon (D:13)
  2 manticores
  4 gargoyles
  A centaur skeleton (D:13)
  A kobold demonologist (D:15)
  2 freezing wraiths (D:15)
  An efreet (D:13)
  A tengu conjurer (D:13)
  3 trolls
  A two-headed ogre (D:12)
  4 slime creatures (D:12)
  10 yaks
  A wraith (D:15)
  A shadow (D:13)
  2 wyverns
  A hippogriff (D:11)
  A vampire mosquito (D:13)
  Edmund (D:6)
  Duvessa (D:7)
  2 water moccasins
  4 ice beasts
  3 sky beasts
  2 orc warriors
  A wasp (D:8)
  3 eyes of draining
  6 ogres
  7 centaurs
  2 crocodiles (D:11)
  7 giant frogs
  2 wyvern zombies
  Dowan (D:7)
  A scorpion (D:7)
  3 killer bees
  4 wights (D:7)
  A howler monkey (D:10)
  7 crimson imps
  2 giant frog zombies
  A quasit (D:12)
  5 hounds
  4 jellies
  An orc priest (D:9)
  8 orc wizards
  2 giant frog skeletons
  2 iguanas
  Natasha (D:3)
  5 worker ants
  5 sheep
  2 hound skeletons
  A worker ant zombie (D:5)
  3 gnolls (D:9)
  5 adders
  2 shadow imps
  An adder skeleton (D:4)
  An adder zombie (D:8)
  4 worms
  2 dart slugs
  A giant gecko (D:2)
  14 orcs
  3 giant cockroaches
  6 goblins
  6 hobgoblins
  4 jackals
  2 quokkas
  5 bats
  2 giant newts
  A jackal skeleton (D:6)
  4 kobolds
  2 quokka skeletons
  2 rats
221 creatures vanquished.

Vanquished Creatures (others)
  A hippogriff (D:13)
1 creature vanquished.

Grand Total: 222 creatures vanquished

Notes
Turn   | Place    | Note
-------+----------+-------------------------------------------
     0 | D:1      | 4thArraOfDagon the Troll Arcane Marksman began the quest for the Orb.
     0 | D:1      | Reached XP level 1. HP: 18/18 MP: 1/1
    24 | D:1      | Reached skill level 1 in Fighting
    63 | D:1      | Reached skill level 1 in Unarmed Combat
    75 | D:1      | Reached XP level 2. HP: 27/27 MP: 2/2
   149 | D:2      | why would you care
   149 | D:2      | CARE
   162 | D:2      | Reached skill level 2 in Unarmed Combat
   204 | D:2      | Reached XP level 3. HP: 33/33 MP: 3/3
   397 | D:3      | Reached XP level 4. HP: 38/41 MP: 4/4
   550 | D:3      | Noticed Natasha
   559 | D:3      | Killed Natasha
   559 | D:3      | Reached skill level 3 in Unarmed Combat
   583 | D:4      | Reached XP level 5. HP: 49/49 MP: 5/5
   594 | D:4      | Gained mutation: You are partially covered in icy blue scales. (AC +2) [potion of mutation]
   594 | D:4      | Gained mutation: Your body sometimes deteriorates upon taking damage. [potion of mutation]
   594 | D:4      | Gained mutation: You tend to lose your temper in combat. [potion of mutation]
   642 | D:4      | Noticed an ogre
   657 | D:4      | Killed an ogre
   657 | D:4      | Reached skill level 4 in Unarmed Combat
   667 | D:5      | Entered Level 5 of the Dungeon
   678 | D:5      | Noticed an ice beast
   699 | D:5      | Killed an ice beast
   699 | D:5      | Reached XP level 6. HP: 30/59 MP: 6/6
   753 | D:5      | Reached skill level 5 in Unarmed Combat
   762 | D:5      | Reached XP level 7. HP: 37/66 MP: 7/7
   790 | D:5      | Noticed 4thArraOfDagon's ghost (amateur MiBe)
   863 | D:6      | Lost mutation: Your body sometimes deteriorates upon taking damage. [mutagenic meat]
   866 | D:6      | Gained mutation: You are partially covered in rugged brown scales. (AC +1, +3% HP) [mutagenic meat]
   869 | D:6      | Gained mutation: You are agile. (Dex +2) [mutagenic meat]
   872 | D:6      | Gained mutation: You are very agile. (Dex +4) [mutagenic meat]
  1031 | D:5      | Found an oddly glowing altar of Pakellas.
  1057 | D:5      | Reached skill level 6 in Unarmed Combat
  1227 | D:7      | Reached XP level 8. HP: 63/80 MP: 8/8
  1325 | D:6      | Noticed Edmund
  1336 | D:6      | Reached skill level 7 in Unarmed Combat
  1350 | D:6      | Killed Edmund
  1479 | D:7      | Noticed Duvessa
  1479 | D:7      | Noticed Dowan
  1485 | D:7      | Killed Duvessa
  1489 | D:7      | Killed Dowan
  1494 | D:7      | Found a staircase to the Ecumenical Temple.
  1515 | Temple   | Entered the Ecumenical Temple
  1558 | Temple   | Became a worshipper of Dithmenos the Shadowed
  1559 | Temple   | WHY WOULD ANYONE CARE
  1766 | D:7      | Reached skill level 8 in Unarmed Combat
  1829 | D:8      | timbw: hate that ditch extra action doesnt work with UC
  1836 | D:8      | timbw: so lame
  1836 | D:8      | 4thArraOfDagon: orly?
  1836 | D:8      | 4thArraOfDagon: :O
  1841 | D:8      | 4thArraOfDagon: *facepalm
  1879 | D:8      | Reached skill level 5 in Dodging
  1880 | D:8      | 4thArraOfDagon: well its still umbra
  1880 | D:8      | 4thArraOfDagon: right
  1880 | D:8      | 4thArraOfDagon: RIGHT??
  1880 | D:8      | timbw: yeah
  1883 | D:8      | 4thArraOfDagon: still worth it
  1883 | D:8      | 4thArraOfDagon: haha
  1930 | D:8      | 4thArraOfDagon: except casting statue form wakes up everything in los like instantly
  1961 | D:8      | Reached XP level 9. HP: 44/89 MP: 9/9
  1966 | D:8      | Reached * piety under Dithmenos
  2095 | D:8      | 4thArraOfDagon: troll is like
  2095 | D:8      | 4thArraOfDagon: i dont care about items
  2095 | D:8      | 4thArraOfDagon: just one spell
  2095 | D:8      | 4thArraOfDagon: and gods*
  2128 | D:9      | Reached skill level 5 in Fighting
  2261 | D:9      | Noticed Gastronok
  2295 | D:10     | Entered Level 10 of the Dungeon
  2295 | D:10     | Found a staircase to the Lair.
  2307 | D:10     | Noticed a necromancer
  2354 | D:10     | Reached skill level 9 in Unarmed Combat
  2424 | D:10     | Noticed a troll
  2435 | D:10     | Killed a troll
  2467 | D:10     | 4thArraOfDagon: my dog
  2467 | D:10     | 4thArraOfDagon: **a+h-hh-z
  2467 | D:10     | 4thArraOfDagon: +
  2467 | D:10     | 4thArraOfDagon: christ...
  2480 | D:10     | Found Feekai's Food Shoppe.
  2494 | D:10     | Noticed a hill giant
  2522 | D:10     | Killed a hill giant
  2522 | D:10     | Reached skill level 10 in Unarmed Combat
  2523 | D:10     | Reached XP level 10. HP: 81/100 MP: 10/10
  2656 | D:9      | Reached ** piety under Dithmenos
  2725 | D:9      | just no
  2760 | D:10     | 4thArraOfDagon: almost overtabbed :D
  2899 | D:10     | why would anyone care
  2906 | D:11     | Noticed a hill giant
  2911 | D:11     | Killed a hill giant
  2911 | D:11     | Reached skill level 11 in Unarmed Combat
  3058 | D:11     | Learned a level 7 spell: Dragon Form
  3296 | D:11     | Noticed Erolcha
  3323 | D:11     | Killed Erolcha
  3323 | D:11     | Reached skill level 1 in Transmutations
  3327 | D:11     | o wow
  3327 | D:11     | 4thArraOfDagon: is it worth
  3332 | D:11     | 4thArraOfDagon: y/n?
  3343 | D:11     | timbw: dform?
  3351 | D:11     | 4thArraOfDagon: +8sclub
  3368 | D:11     | timbw: nah
  3379 | D:11     | timbw: GSC is fun
  3379 | D:11     | timbw: not good
  3379 | D:11     | 4thArraOfDagon: just grabbed it
  3379 | D:11     | 4thArraOfDagon: ya
  3385 | D:11     | Noticed a manticore
  3401 | D:11     | Killed a manticore
  3561 | D:12     | Noticed a deep elf mage
  3583 | D:12     | Reached XP level 11. HP: 81/112 MP: 12/12
  3585 | D:12     | Noticed a deep elf mage
  3587 | D:12     | Killed a deep elf mage
  3596 | D:12     | Killed a deep elf mage
  3621 | D:12     | 4thArraOfDagon: ok
  3621 | D:12     | 4thArraOfDagon: goin for beer
  3621 | D:12     | 4thArraOfDagon: bbl
  3621 | D:12     | Noticed a deep elf mage
  3643 | D:12     | Killed a deep elf mage
  3646 | D:12     | Noticed a deep elf mage
  3649 | D:12     | Noticed a deep elf mage
  3665 | D:12     | thx
  3694 | D:12     | Killed a deep elf mage
  3808 | D:12     | Reached *** piety under Dithmenos
  3836 | D:12     | Reached skill level 12 in Unarmed Combat
  3947 | D:12     | Learned a level 2 spell: Repel Missiles
  3959 | D:12     | Learned a level 2 spell: Swiftness
  4138 | D:13     | Noticed a griffon
  4145 | D:13     | Killed a griffon
  4181 | D:14     | Noticed Rupert
  4188 | D:14     | Noticed an enchanted long sword
  4275 | D:13     | Noticed a hill giant
  4292 | D:13     | Killed a hill giant
  4445 | D:13     | Noticed a great orb of eyes
  4446 | D:13     | Noticed an eight-headed hydra
  4447 | D:13     | Paralysed by a great orb of eyes for 3 turns
  4466 | D:13     | Killed a great orb of eyes
  4466 | D:13     | Reached XP level 12. HP: 44/121 MP: 13/15
  4517 | D:13     | Reached skill level 5 in Transmutations
  4732 | D:15     | Entered Level 15 of the Dungeon
  4736 | D:15     | Found Coyx's Assorted Antiques.
  4738 | D:15     | Noticed Nessos
  4740 | D:15     | Bought a short bone wand for 140 gold pieces
  4758 | D:15     | Killed Nessos
  4758 | D:15     | Reached skill level 13 in Unarmed Combat
  4805 | D:15     | Found Kayntari's Jewellery Boutique.
  5027 | D:15     | Upgraded the game from 0.19-a0-1079-g88a7474 to 0.19-a0-1091-g463c9de
  5166 | D:15     | Noticed a death knight
  5242 | D:15     | Killed a death knight
  5337 | D:15     | Found Jaolanki's Antique Weapon Boutique.
  5412 | D:14     | Found a gate to the Vaults.
  5422 | D:14     | HP: 4/121 [enchanted long sword (13)]
  5423 | D:14     | Mangled by an enchanted long sword

Vault maps used:
D:1:      minmay_arrival_semitransparent, fountainhead, minmay_misc_feat_plants,
          grunt_decor_one_mirror
D:2:      minmay_diamond_boxcup, item_on_display_a
D:3:      minmay_divided_ellipse, uniq_natasha
D:4:      minmay_rat_hole, uniq_eustachio
D:5:      black_bear_nest_2, first_bread, grunt_pakellas_sulfur
D:6:      lemuel_upstairs_altar, uniq_edmund
D:7:      uniq_duvessa
D:8:      david_nohive_1
D:9:      special_room, uniq_gastronok
D:10:     lair_0_dummy, serial_shops, kennysheep_mini, serial_glass,
          glass_columns_a, glass_columns_b, eino_house_with_fridge
D:11:     nicolae_tso_swordbearing_angel, uniq_erolcha
D:12:     minmay_elf_outpost, orc_0_dummy, hangedman_decor_slide_cut
D:13:     hangedman_corner_corridor
D:14:     erik_vaults_1, fedhas_altar_2, uniq_rupert
D:15:     gammafunk_enter_depths_forms, serial_shops, nicolae_shop_trees,
          nicolae_shop_temple_entry_statues_fountains, shop,
          hangedman_decor_opposing, uniq_nessos
Temple:   kilobyte_greek_temple

Skill      XL: |  1  2  3  4  5  6  7  8  9 10 11 12 |
---------------+-------------------------------------+-----
Fighting       | 1 2 3 4 5 7 |  7.3
Unarmed Combat | 1 2 3 4 5 6 8 10 11 12 13 | 13.6
Dodging        | 2 3 4 5 6 7 |  7.3
Transmutations | 2 4 6 |  6.4
Spellcasting   | 3 |  3.9
Throwing       | |  1.7
Hexes          | |  2.0

Action                   |  1- 3 |  4- 6 |  7- 9 | 10-12 || total
-------------------------+-------+-------+-------+-------++-------
Melee: Unarmed           |    80 |   110 |   229 |   445 ||   864
       Punch             |       |     1 |     5 |    31 ||    37
Throw: Large rock        |       |     2 |     6 |    25 ||    33
 Cast: Repel Missiles    |       |       |       |     4 ||     4
Evoke: Wand              |       |       |    10 |     2 ||    12
  Use: Potion            |       |     2 |     1 |     7 ||    10
       Scroll            |       |     1 |     2 |     8 ||    11
 Stab: Sleeping          |       |       |     1 |       ||     1
       Confused          |       |       |     4 |     1 ||     5
  Eat: Chunk             |     8 |     3 |    24 |    32 ||    67
Armor: Robe              |    30 |    37 |    53 |       ||   120
       Troll hide        |       |       |       |    68 ||    68
Dodge: Dodged            |    33 |    58 |    98 |   246 ||   435
       Deflected         |       |       |       |     6 ||     6
